 Dungeon Crawl Stone Soup version 0.25.1-1-g288607f5aa (webtiles) character file.

Game seed: 1626222744055839828

1622 protoss039 the Insei (level 8, -5/61 HPs)
             Began as a Gnoll Transmuter on July 23, 2020.
             Slain by an orc warrior
             ... wielding a +0 hand axe
              (7 damage)
             ... on level 7 of the Dungeon.
             The game lasted 00:16:47 (6943 turns).

protoss039 the Insei (Gnoll Transmuter)             Turns: 6943, Time: 00:16:50

Health: -5/61      AC: 14    Str: 14    XL:     8   Next: 96%
Magic:  8/17       EV: 16    Int: 17    God:
Gold:   308        SH:  0    Dex: 15    Spells: 13/19 levels left

rFire    + . .     SeeInvis .     - Unarmed
rCold    . . .     Gourm    .   (no shield)
rNeg     . . .     Faith    .   v - +0 steam dragon scales
rPois    .         Spirit   .   (helmet currently unavailable)
rElec    .         Reflect  .   (no cloak)
rCorr    .         Harm     .   t - +0 pair of gloves
MR       .....                  z - +0 pair of boots
Stlth    +++.......             (no amulet)
HPRegen  0.20/turn              r - +4 ring of protection
MPRegen  0.15/turn              y - ring of stealth

@: appendage
A: distributed training, fangs 1, horns 3, yellow scales 1, fire resistance 1,
evolution 1, strong nose
a: End Transformation


You were on level 7 of the Dungeon.
You were not hungry.
You had grown temporary horns.
You visited 1 branch of the dungeon, and saw 7 of its levels.

You collected 308 gold pieces.

Inventory:

Hand Weapons
 l - a +0 hand axe of freezing
Missiles
 a - 13 arrows
Armour
 t - a +0 pair of gloves (worn)
 v - +0 steam dragon scales (worn)
 z - a +0 pair of boots (worn)
Jewellery
 r - a +4 ring of protection (left hand)
 x - an uncursed ring of ice
 y - a ring of stealth (right hand)
Wands
 u - a wand of clouds (5)
Scrolls
 b - a scroll of enchant armour
 h - a scroll of amnesia
 k - a scroll of blinking
 o - 3 scrolls of remove curse
 s - 2 scrolls of fog
 w - a scroll of teleportation
 A - a scroll of magic mapping
 B - a scroll of identify
Potions
 c - a potion of berserk rage
 e - a potion of haste {unknown}
 f - 3 potions of curing
 j - 3 potions of heal wounds
 m - a potion of flight
 n - 2 potions of brilliance
Comestibles
 d - 11 rations
 g - 7 chunks of flesh


   Skills:
 + Level 4.5 Fighting
 + Level 3.6 Short Blades
 + Level 3.6 Long Blades
 + Level 3.6 Axes
 + Level 3.6 Maces & Flails
 + Level 3.6 Polearms
 + Level 3.6 Staves
 + Level 3.6 Slings
 + Level 3.6 Bows
 + Level 3.6 Crossbows
 + Level 3.6 Throwing
 + Level 3.6 Armour
 + Level 5.9 Dodging
 + Level 3.6 Stealth
 + Level 3.6 Shields
 + Level 7.5 Unarmed Combat
 + Level 6.2 Spellcasting
 + Level 3.0 Conjurations
 + Level 3.0 Hexes
 + Level 3.0 Charms
 + Level 3.0 Summonings
 + Level 3.0 Necromancy
 + Level 3.0 Translocations
 + Level 4.9 Transmutations
 + Level 3.0 Fire Magic
 + Level 3.0 Ice Magic
 + Level 3.0 Air Magic
 + Level 3.0 Earth Magic
 + Level 3.0 Poison Magic
 + Level 4.0 Invocations
 + Level 3.6 Evocations


You had 13 spell levels left.
You knew the following spells:

 Your Spells              Type           Power        Failure   Level  Hunger
a - Beastly Appendage     Tmut           ###...       1%          1    None
b - Sticks to Snakes      Tmut           ###.....     2%          2    None
c - Spider Form           Tmut/Pois      ###.......   8%          3    ##.....

Your spell library contained the following spells:

 Spells                   Type           Power        Failure   Level  Hunger
 Ice Form                 Ice/Tmut       ###.....     24%         4    ####...
 Blade Hands              Tmut           ###.......   41%         5    #####..


Dungeon Overview and Level Annotations

Branches:
Dungeon (7/15)
 Temple: D:4-7

Altars:
Cheibriados
Elyvilon
Hepliaklqana
Qazlal
Ru
Wu Jian
The Shining One

Shops:
D:5 (

Annotations:
D:3 1 exclusion


Innate Abilities, Weirdness & Mutations

Your experience applies equally to all skills.
You have very sharp teeth.
Your uncanny sense of smell can sniff out nearby items.
You have a pair of large horns on your head.
You are partially covered in yellow scales. (AC +2)
Your flesh is heat resistant. (rF+)
You evolve.


Message History

You catch the helpless orc warrior completely off-guard!
You hit the orc warrior.
The orc warrior is almost dead.
The orc warrior completely misses you.
The orc warrior hits your ball python with a +0 hand axe!
Your ball python dies!
Unknown command.
You hit the orc warrior.
The orc warrior is almost dead.
The orc warrior hits you with a +0 hand axe!
* * * LOW HITPOINT WARNING * * *
Unknown command.
Unknown command.
It was a potion of mutation.
You feel extremely strange. The horns on your head grow some more.
Yellow scales grow over part of your body.
You feel nature experimenting on you.
Don't worry, failures die fast.
You feel resistant to heat.
The orc warrior hits you with a +0 hand axe!
You die...

.# ...># ##.# ... #### ..
.....###.. #.# ∆.... ..
.........####### ...
..... .. ...(...........#
#.# ..... ..
.....#.........###.#
...>.. ..
......##)........#.##...#
..
.......<#.....)...)..=.#
..
....###)............)..#
.. ...
###...@o..†.......# ## ..
#......########.... .
#......# ### #......#
########


You could see an orc warrior.

Vanquished Creatures
  Grinder (D:3)
  A steam dragon (D:7)
  An orc warrior (D:6)
  A sky beast (D:6)
  3 ogres
  2 bullfrogs (D:6)
  A scorpion (D:5)
  4 crimson imps
  A jelly (D:6)
  A centaur skeleton (D:6)
  An orc priest (D:6)
  3 orc wizards
  A bullfrog skeleton (D:6)
  An iguana (D:7)
  6 worker ants
  6 adders
  2 shadow imps (D:5)
  An adder skeleton (D:5)
  2 worms (D:2)
  3 dart slugs
  3 leopard geckos
  21 orcs
  8 giant cockroaches
  12 goblins
  4 hobgoblins
  4 jackals (D:3)
  5 quokkas
  A ball python (D:3)
  7 bats
  4 frilled lizards
  10 kobolds
  A quokka skeleton (D:6)
  13 rats
135 creatures vanquished.

Vanquished Creatures (collateral kills)
  An orc wizard (D:5)
  An orc (D:6)
2 creatures vanquished.

Grand Total: 137 creatures vanquished

Notes
Turn   | Place    | Note
-------+----------+-------------------------------------------
     0 | D:1      | protoss039 the Gnoll Transmuter began the quest for the
                  | Orb.
     0 | D:1      | Reached XP level 1. HP: 17/17 MP: 6/6
   365 | D:1      | Reached XP level 2. HP: 16/23 MP: 5/7
   761 | D:1      | Learned a level 2 spell: Sticks to Snakes
   953 | D:1      | Reached XP level 3. HP: 28/28 MP: 6/9
   991 | D:1      | Reached skill level 5 in Spellcasting
  1581 | D:2      | Reached skill level 1 in Invocations
  1809 | D:2      | Reached skill level 1 in Short Blades
  1809 | D:2      | Reached skill level 1 in Long Blades
  1809 | D:2      | Reached skill level 1 in Axes
  1809 | D:2      | Reached skill level 1 in Maces & Flails
  1809 | D:2      | Reached skill level 1 in Polearms
  1809 | D:2      | Reached skill level 1 in Staves
  1809 | D:2      | Reached skill level 1 in Slings
  1809 | D:2      | Reached skill level 1 in Bows
  1809 | D:2      | Reached skill level 1 in Crossbows
  1809 | D:2      | Reached skill level 1 in Throwing
  1809 | D:2      | Reached skill level 1 in Armour
  1809 | D:2      | Reached skill level 1 in Stealth
  1809 | D:2      | Reached skill level 1 in Shields
  1809 | D:2      | Reached skill level 1 in Evocations
  1999 | D:2      | Reached XP level 4. HP: 34/34 MP: 11/11
  2154 | D:2      | Found a sacrificial altar of Ru.
  2463 | D:2      | Learned a level 3 spell: Spider Form
  3211 | D:3      | Found a glowing golden altar of the Shining One.
  3588 | D:4      | Noticed Grinder
  3591 | D:4      | Paralysed by Grinder for 5 turns
  3710 | D:3      | Reached skill level 1 in Conjurations
  3710 | D:3      | Reached skill level 1 in Hexes
  3710 | D:3      | Reached skill level 1 in Charms
  3710 | D:3      | Reached skill level 1 in Summonings
  3710 | D:3      | Reached skill level 1 in Necromancy
  3710 | D:3      | Reached skill level 1 in Translocations
  3710 | D:3      | Reached skill level 1 in Fire Magic
  3710 | D:3      | Reached skill level 1 in Ice Magic
  3710 | D:3      | Reached skill level 1 in Air Magic
  3710 | D:3      | Reached skill level 1 in Earth Magic
  3710 | D:3      | Reached skill level 1 in Poison Magic
  3718 | D:3      | Killed Grinder
  3718 | D:3      | Reached XP level 5. HP: 24/41 MP: 9/12
  3718 | D:3      | Reached XP level 6. HP: 27/47 MP: 9/13
  3888 | D:4      | Found an ornate altar of the Wu Jian Council.
  4030 | D:4      | Reached skill level 5 in Dodging
  4301 | D:4      | Got a jewelled leather armour
  4312 | D:4      | Identified the +0 leather armour of Prudence {Harm Dex+3}
                  | (You found it on level 4 of the Dungeon)
  4400 | D:4      | Found a snail-covered altar of Cheibriados.
  4410 | D:4      | Reached XP level 7. HP: 52/52 MP: 13/15
  4798 | D:5      | Entered Level 5 of the Dungeon
  4851 | D:5      | Reached skill level 7 in Unarmed Combat
  4854 | D:5      | Found Wiemiaj's Antique Weapon Boutique.
  5375 | D:5      | Found a white marble altar of Elyvilon.
  5446 | D:5      | Found a hazy altar of Hepliaklqana.
  5536 | D:6      | Reached XP level 8. HP: 49/60 MP: 14/16
  5669 | D:6      | Found a glowing golden altar of the Shining One.
  5694 | D:6      | Found a stormy altar of Qazlal.
  6942 | D:7      | HP: 2/61 [orc warrior/+0 hand axe (11)]
  6943 | D:7      | Gained mutation: You have a pair of large horns on your
                  | head. [potion of mutation]
  6943 | D:7      | Gained mutation: You are partially covered in yellow
                  | scales. (AC +2) [potion of mutation]
  6943 | D:7      | Gained mutation: You evolve. [potion of mutation]
  6943 | D:7      | Gained mutation: Your flesh is heat resistant. (rF+)
                  | [potion of mutation]
  6943 | D:7      | Slain by an orc warrior

Illustrated notes

Levels and vault maps discovered:
D:1:      dpeg_arrival_arbitrary_b, layout_basic
D:2:      layout_loops_cross, nicolae_overflow_hidden_temple
D:3:      layout_loops_corners, lemuel_coloured_pillars_altar, first_ration
D:4:      layout_basic, lemuel_round_altar, kennysheep_little_box,
          minmay_ogre_servants, uniq_grinder
D:5:      layout_rooms, elyvilon_altar_4, lemuel_round_altar, serial_shops, shop
D:6:      layout_cave_pools, basic_altar, tso_metal_star
D:7:      layout_rooms, gammafunk_temple_overflow_elements,
          nicolae_temple_entry_ecumenical

Skill      XL: |  1  2  3  4  5  6  7  8 |
---------------+-------------------------+-----
Spellcasting   | 5 6 |  6.2
Invocations    | 1 2 3 4 |  4.0
Short Blades   | 1 2 3 |  3.6
Long Blades    | 1 2 3 |  3.6
Axes           | 1 2 3 |  3.6
Maces & Flails | 1 2 3 |  3.6
Polearms       | 1 2 3 |  3.6
Staves         | 1 2 3 |  3.6
Slings         | 1 2 3 |  3.6
Bows           | 1 2 3 |  3.6
Crossbows      | 1 2 3 |  3.6
Throwing       | 1 2 3 |  3.6
Armour         | 1 2 3 |  3.6
Stealth        | 1 2 3 |  3.6
Shields        | 1 2 3 |  3.6
Evocations     | 1 2 3 |  3.6
Conjurations   | 1 2 3 |  3.0
Hexes          | 1 2 3 |  3.0
Charms         | 1 2 3 |  3.0
Summonings     | 1 2 3 |  3.0
Necromancy     | 1 2 3 |  3.0
Translocations | 1 2 3 |  3.0
Fire Magic     | 1 2 3 |  3.0
Ice Magic      | 1 2 3 |  3.0
Air Magic      | 1 2 3 |  3.0
Earth Magic    | 1 2 3 |  3.0
Poison Magic   | 1 2 3 |  3.0
Fighting       | 3 4 |  4.5
Transmutations | 4 |  4.9
Dodging        | 5 |  5.9
Unarmed Combat | 7 |  7.5

Action                   |  1- 3 |  4- 6 |  7- 9 || total
-------------------------+-------+-------+-------++-------
Melee: Unarmed           |   101 |   125 |   166 ||   392
       Bite              |    10 |     9 |    18 ||    37
       Kick              |    10 |    12 |       ||    22
       Punch             |     2 |     2 |     6 ||    10
       Headbutt          |       |     9 |    35 ||    44
 Cast: Beastly Appendage |    12 |    22 |    29 ||    63
       Sticks to Snakes  |     1 |     3 |    13 ||    17
 Abil: End Transformatio |       |       |     1 ||     1
  Use: Scroll            |       |       |    13 ||    13
       Potion            |       |       |     4 ||     4
 Stab: Sleeping          |     2 |     1 |     8 ||    11
       Distracted        |       |     1 |     2 ||     3
  Eat: Chunk             |     3 |     8 |     8 ||    19
Armor: Robe              |    13 |       |       ||    13
       Ring mail         |     5 |    51 |       ||    56
       Leather armour    |       |       |    23 ||    23
       Steam dragon scal |       |       |    11 ||    11
Dodge: Dodged            |    83 |    94 |   136 ||   313
